 Dungeon Crawl Stone Soup version 0.24.0-37-gcf1ca852f1 (webtiles) character file.

Game seed: 13528931732949234577, levelgen mode: deterministic

2 FishyPogo the Gusty (level 1, 0/13 HPs)
             Began as a Gnoll Wanderer on Dec 1, 2019.
             Slain by an ooze (5 damage)
             ... on level 1 of the Dungeon.
             The game lasted 00:02:48 (309 turns).

FishyPogo the Gusty (Gnoll Wanderer)                 Turns: 309, Time: 00:02:49

Health: 0/13       AC:  2    Str: 14    XL:     1   Next: 40%
Magic:  0/4        EV: 13    Int: 14    God:
Gold:   0          SH:  0    Dex: 14    Spells: 3/5 levels left

rFire    . . .     SeeInvis .   a - +0 club
rCold    . . .     Gourm    .   (no shield)
rNeg     . . .     Faith    .   d - +0 robe
rPois    .         Spirit   .   (no helmet)
rElec    .         Reflect  .   (no cloak)
rCorr    .         Harm     .   (no gloves)
MR       .....                  (no boots)
Stlth    ++........             (no amulet)
HPRegen  0.04/turn              (no ring)
MPRegen  0.09/turn              (no ring)

@: very slightly contaminated
A: distributed training, fangs 1, strong nose
a: no special abilities


You were on level 1 of the Dungeon.
You were not hungry.

You visited 1 branch of the dungeon, and saw 1 of its levels.

Inventory:

Hand Weapons
 a - a +0 club (weapon)
Missiles
 c - 19 stones (quivered)
Armour
 d - a +0 robe (worn)
Scrolls
 b - a scroll of identify {unknown}
Miscellaneous
 e - a fan of gales
Comestibles
 f - a ration
 g - a chunk of flesh


   Skills:
 + Level 0.0 Fighting
 + Level 0.0 Short Blades
 + Level 0.0 Long Blades
 + Level 0.0 Axes
 + Level 0.0 Maces & Flails
 + Level 0.0 Polearms
 + Level 2.3 Staves
 + Level 0.0 Slings
 + Level 0.0 Bows
 + Level 0.0 Crossbows
 + Level 0.0 Throwing
 + Level 0.0 Armour
 + Level 2.3 Dodging
 + Level 2.1 Stealth
 + Level 0.0 Shields
 + Level 0.0 Unarmed Combat
 + Level 2.6 Spellcasting
 + Level 0.0 Conjurations
 + Level 0.0 Hexes
 + Level 0.0 Charms
 + Level 0.0 Summonings
 + Level 0.0 Necromancy
 + Level 0.0 Translocations
 + Level 0.0 Transmutations
 + Level 0.0 Fire Magic
 + Level 0.0 Ice Magic
 + Level 5.3 Air Magic
 + Level 0.0 Earth Magic
 + Level 1.9 Poison Magic
 + Level 0.1 Invocations
 + Level 4.4 Evocations


You had 3 spell levels left.
You knew the following spells:

 Your Spells              Type           Power        Failure   Level  Hunger
a - Sting                 Conj/Pois      #...         16%         1    #......
b - Freeze                Ice            #...         22%         1    #......

Your spell library contained the following spells:

 Spells                   Type           Power        Failure   Level  Hunger
 Mephitic Cloud           Conj/Pois/Air  #.......     24%         3    ###....
 Ozocubu's Armour         Chrm/Ice       #.......     54%         3    ###....


Dungeon Overview and Level Annotations

Branches:
Dungeon (1/15)

Altars:


Innate Abilities, Weirdness & Mutations

Your experience applies equally to all skills.
You have very sharp teeth.
Your uncanny sense of smell can sniff out nearby items.


Message History

Casting: Freeze (safe; 22% risk of failure)
Confirm with . or Enter, or press ? or * to list all spells.
Aiming: Freeze (safe; 22% risk of failure)
Press: ? - help, Shift-Dir - straight line, f/p - ooze
Aim: an ooze (lightly wounded)
You freeze the ooze.
The ooze is lightly wounded.
The ooze misses you.
You hit the ooze.
The ooze is moderately wounded.
The ooze barely misses you.
You hit the ooze. You bite the ooze.
The ooze is heavily wounded.
The ooze hits you.
You hit the ooze.
The ooze is almost dead.
The ooze hits you.
Found an escape hatch in the floor.
The ooze hits you.
You die...

>.......§.......
#......§§.§≈≈≈§≈≈
#....(§§§≈≈≈≈≈≈§≈
#.....§≈§§≈≈....≈ ∆
#.....§≈§≈≈......
#...§§§≈§........
#.....≈≈§.#
#.....≈§J.#########
#.....≈@..##......# ∆
#....§§§..##.<....#
#....§≈§..##..).).# ∆
#....§§§.########'#
#.....≈..########.###
#.....§§.##.........#
#.....≈.###.........#
#.....≈.##..........#
#.....≈.##'##########


You could see an ooze.

Vanquished Creatures
  A goblin (D:1)
  A kobold (D:1)
  A rat (D:1)
3 creatures vanquished.

Notes
Turn   | Place    | Note
-------+----------+-------------------------------------------
     0 | D:1      | FishyPogo the Gnoll Wanderer began the quest for the Orb.
     0 | D:1      | FishyPogo set off with the following items: a +0 club, a +0
                  | robe, a fan of gales, a ration; and the following spells
                  | available to memorise: Sting, Freeze, Mephitic Cloud,
                  | Ozocubu's Armour
     0 | D:1      | Reached XP level 1. HP: 13/13 MP: 4/4
     2 | D:1      | Learned a level 1 spell: Sting
    12 | D:1      | Learned a level 1 spell: Freeze
   309 | D:1      | Slain by an ooze

Levels and vault maps discovered:
D:1:      erik_arrival_gehennom, layout_basic, minmay_misc_feat_cross

Action                   || total
-------------------------++-------
Melee: Club              ||     6
       Bite              ||     2
 Cast: Freeze            ||     5
       Sting             ||     4
Armor: Robe              ||     1
Dodge: Dodged            ||     5
